 Dungeon Crawl Stone Soup version 0.25.0-1-g7eea58d (webtiles) character file.

Game seed: 15855748520767697726

0 poiuyt0418 the Skirmisher (level 1, -28/23 HPs)
             Began as a Gnoll Abyssal Knight on June 14, 2020.
             Was a Follower of Lugonu.
             Annihilated by a large abomination (30 damage)
             ... on level 4 of the Abyss.
             The game lasted 00:01:17 (169 turns).

poiuyt0418 the Skirmisher (Gnoll Abyssal Knight)     Turns: 169, Time: 00:01:18

Health: -28/23     AC:  3    Str: 14    XL:     1   Next: 0%
Magic:  3/3        EV: 12    Int: 14    God:    Lugonu [*.....]
Gold:   85         SH:  0    Dex: 14    Spells: 0/0 levels left

rFire    . . .     SeeInvis .   a - +1 falchion
rCold    . . .     Gourm    .   (no shield)
rNeg     . . .     Faith    .   b - +0 leather armour
rPois    .         Spirit   .   (no helmet)
rElec    .         Reflect  .   (no cloak)
rCorr    .         Harm     .   (no gloves)
MR       .....                  (no boots)
Stlth    +.........             (no amulet)
HPRegen  0.07/turn              (no ring)
MPRegen  0.08/turn              (no ring)

@: no status effects
A: distributed training, fangs 1, strong nose
a: Depart the Abyss, Renounce Religion


You were on level 4 of the Abyss.
You worshipped Lugonu.
Lugonu was aware of your devotion.
You were not hungry.

You visited 0 branches of the dungeon, and saw 0 of its levels.
You visited the Abyss 1 time.

You collected 85 gold pieces.

Inventory:

Hand Weapons
 a - a +1 falchion (weapon)
Missiles
 d - 6 datura-tipped darts (quivered)
Armour
 b - a +0 leather armour (worn)
 f - a +0 pair of gloves
Wands
 h - a wand of acid (6)
Scrolls
 g - 4 scrolls of immolation {unknown}
Miscellaneous
 e - a lightning rod (4/4)
Comestibles
 c - 2 rations


   Skills:
 + Level 6.4 Fighting
 + Level 0.0 Short Blades
 + Level 4.4 Long Blades
 + Level 0.0 Axes
 + Level 0.0 Maces & Flails
 + Level 0.0 Polearms
 + Level 0.0 Staves
 + Level 0.0 Slings
 + Level 0.0 Bows
 + Level 0.0 Crossbows
 + Level 0.0 Throwing
 + Level 4.4 Armour
 + Level 2.3 Dodging
 + Level 0.0 Stealth
 + Level 0.0 Shields
 + Level 0.0 Unarmed Combat
 + Level 0.0 Spellcasting
 + Level 0.0 Conjurations
 + Level 0.0 Hexes
 + Level 0.0 Charms
 + Level 0.0 Summonings
 + Level 0.0 Necromancy
 + Level 0.0 Translocations
 + Level 0.0 Transmutations
 + Level 0.0 Fire Magic
 + Level 0.0 Ice Magic
 + Level 0.0 Air Magic
 + Level 0.0 Earth Magic
 + Level 0.0 Poison Magic
 + Level 4.4 Invocations
 + Level 0.0 Evocations


You couldn't memorise any spells.
You didn't know any spells.
Your spell library was empty.

Dungeon Overview and Level Annotations

Branches:
Dungeon (0/15)

Altars:


Innate Abilities, Weirdness & Mutations

Your experience applies equally to all skills.
You have very sharp teeth.
Your uncanny sense of smell can sniff out nearby items.


Message History

A large abomination comes into view.
Found a scroll labeled MUYCRAR NULA.
You see here a scroll labeled MUYCRAR NULA.
g - 4 scrolls labeled MUYCRAR NULA (gained 1) Evoke which item? (* to show all) (? for menu, Esc to quit)
Aiming: Corrosive Bolt
Press: ? - help, Shift-Dir - straight line, f - large abomination
Aim: a large abomination The bolt of acid hits the large abomination.
The large abomination is splashed with acid.
The acid corrodes the large abomination!
The large abomination is moderately damaged.
You hear a hideous shriek!
The large abomination hits you!
* * * LOW HITPOINT WARNING * * *
You aren't carrying any potions.
Okay, then.
The large abomination hits you!!
Ouch! That really hurt!
You die...

# .# ### ...# ..#
.#.. ## # .. ..# .
. #.##. #.# #. ###
.#..##.####.. #
#.# .###@........
#.....#.#X#.##.###
#..#...##X# #.
#..#.###.#..
#..#.#. #.. # #.
.##. .... #..##...
.#.####
#...###...###...
.. #... $#....
#..(#


You could see 2 large abominations.

Vanquished Creatures (others)
  A lurking horror (Abyss:4)
1 creature vanquished.

Notes
Turn   | Place    | Note
-------+----------+-------------------------------------------
     0 | Abyss:1  | poiuyt0418 the Gnoll Abyssal Knight began the quest for the
                  | Orb.
     0 | Abyss:1  | Reached XP level 1. HP: 23/23 MP: 3/3
    59 | Abyss:2  | Noticed a large abomination
    98 | Abyss:3  | Noticed a deep elf sorcerer
   128 | Abyss:4  | Noticed a small abomination
   149 | Abyss:4  | Noticed a large abomination
   163 | Abyss:4  | Noticed a large abomination
   169 | Abyss:4  | Annihilated by a large abomination

Illustrated notes

Levels and vault maps discovered:
Abyss:4:  dshaligram_kb_abyss_rune_zappy_water_cross,
          serial_sigils_hangedman_gut, evilmike_abyss_exit_plants

Action                   || total
-------------------------++-------
Evoke: Wand              ||     2
  Use: Potion            ||     1
Dodge: Dodged            ||     1
